Map: Invasor LE

Players

MrMobile - Winner!

  • Race: Terran Terran
  • League: Platinum

Erik

  • Race: Zerg Zerg
  • League: Gold

VOD

Have the link to the VOD?

Description

Time

  • Played on: May 27, 2016, 2:06 p.m.
  • Length: 12:26
Show
View Real Time Build Order
Export as new Build Order

MrMobile Terran - Winner!

Build Orders: Command Center First (CC), MMM Bio 

Get SALT Encoding   

  12  0:01  SCV  
  13  0:13  SCV  
  14  0:24  Supply Depot  
  14  0:25  SCV  
  15  0:46  SCV  
  16  0:58  SCV  
  17  1:06  Command Center  
  17  1:10  SCV  
  18  1:20  Barracks  
  18  1:22  SCV  
  18  1:24  Refinery  
  19  1:34  SCV  
  19  1:38  Supply Depot  
  20  1:46  SCV  
  21  2:06  Orbital Command  
  21  2:07  Marine  
  22  2:10  Supply Depot  
  22  2:18  Orbital Command  
  22  2:24  Barracks  
  22  2:27  Barracks Reactor  
  22  2:39  SCV  
  23  2:45  SCV  
  23  2:51  SCV  
  25  2:57  SCV  
  26  2:59  Barracks  
  26  3:03  SCV  
  27  3:07  Marine x2  
  27  3:09  SCV  
  30  3:13  Barracks Tech Lab  
  30  3:15  SCV  
  31  3:21  SCV  
  31  3:25  Marine x2  
  34  3:27  SCV  
  34  3:30  Engineering Bay  
  34  3:33  Marine, SCV  
  36  3:39  SCV  
  37  3:42  Marine  
  37  3:44  Marine  
  37  3:45  SCV  
  40  3:49  Barracks Reactor  
  40  3:50  Combat Shields, Barracks x2  
  40  3:51  Marine, SCV  
  42  3:57  SCV  
  42  4:02  Terran Infantry Weapons Level 1  
  43  4:03  SCV  
  43  4:04  Supply Depot  
  43  4:07  Marine x2  
  43  4:09  SCV  
  47  4:11  Marine  
  47  4:16  SCV  
  49  4:21  SCV  
  50  4:25  Marine x2  
  50  4:26  Supply Depot  
  50  4:28  SCV  
  53  4:34  Marine, SCV  
  53  4:35  Marine x2  
  57  4:39  Barracks Reactor  
  57  4:40  Barracks Reactor, SCV  
  58  4:46  SCV  
  58  4:49  Marine  
  58  4:50  Marine  
  58  4:52  Marine x2, SCV  
  62  4:53  Marine, Command Center  
  62  4:58  SCV  
  66  5:04  SCV  
  67  5:07  Marine x2  
  67  5:10  SCV  
  67  5:12  Supply Depot  
  70  5:15  Supply Depot  
  70  5:18  Supply Depot  
  70  5:34  Marine x6, SCV x2  
  78  5:36  Marine x3  
  78  5:39  Supply Depot  
  78  5:42  Supply Depot  
  81  5:45  Stimpack  
  81  5:46  SCV x2  
  83  5:52  Marine x6  
  83  5:54  Marine x3  
  92  6:04  Barracks x2  
  92  6:05  Supply Depot  
  92  6:06  Supply Depot  
  92  6:08  SCV x2  
  92  6:09  Marine x5  
  99  6:13  Orbital Command  
  99  6:20  SCV x2  
  99  6:24  Marine x2  
  99  6:25  Marine x2  
  105  6:27  Marine x5  
  110  6:42  Marine x3  
  110  6:43  Marine  
  110  6:45  Marine x5  
  109  6:55  Barracks  
  109  6:56  Barracks  
  109  7:00  Marine x4, Barracks  
  113  7:01  Barracks Reactor  
  113  7:03  Marine  
  113  7:04  Marine x3  
  113  7:05  Marine  
  113  7:06  Terran Infantry Armor Level 1  
  113  7:07  Barracks  
  118  7:12  Supply Depot  
  118  7:13  Factory  
  118  7:18  Marine x4  
  118  7:20  Barracks Reactor  
  118  7:21  Marine  
  118  7:22  Marine x4  
  125  7:25  Supply Depot  
  127  7:36  Marine x4  
  127  7:37  Marine x2  
  128  7:38  Marine  
  128  7:40  Marine x4  
  128  7:43  Command Center  
  135  7:51  Barracks Reactor  
  135  7:53  Marine  
  135  7:54  Marine x4  
  135  7:55  Marine  
  135  7:56  Marine  
  135  7:58  Marine x4  
  125  8:04  Marine x2  
  124  8:11  Marine x3  
  124  8:12  Marine x3  
  128  8:14  Marine  
  128  8:15  Marine  
  128  8:16  Marine x4  
  136  8:22  Marine x2  
  138  8:27  Barracks Reactor  
  138  8:29  Marine x4  
  138  8:30  Marine x2  
  138  8:32  Marine  
  138  8:33  Marine x3  
  138  8:34  Marine  
  148  8:38  Marine x2, SCV  
  148  8:40  Marine x2  
  154  8:41  Barracks Reactor  
  154  8:47  Marine x4  
  154  8:48  Marine x2  
  142  8:49  Supply Depot  
  142  8:50  Marine  
  142  8:51  Marine x4  
  141  9:03  Marine x3  
  141  9:04  Marine  
  141  9:05  Marine x4  
  141  9:06  Marine x2  
  141  9:08  Marine  
  141  9:09  Marine x4  
  156  9:14  Barracks Reactor  
  156  9:15  SCV  
  153  9:21  Marine x4  
  153  9:23  Missile Turret  
  134  9:24  Marine x3  
  134  9:29  Marine x7  
  134  9:30  Marine  
  144  9:33  Marine  
  144  9:34  Marine x3  
  147  9:39  Marine x4  
  147  9:42  Marine x3  
  153  9:46  Marine  
  153  9:47  Marine x7  
  153  9:51  Marine, Armory  
  153  9:52  Marine x3  
  159  9:57  Marine x4, Supply Depot  
  159  9:59  Supply Depot  
  158  10:04  Engineering Bay  
  158  10:09  Orbital Command  
  158  10:13  Marine  
  158  10:14  Marine x6  
  160  10:15  Marine x12  
  177  10:31  Marine x2  
  177  10:32  Marine x5  
  177  10:33  Marine x10  
  177  10:34  Marine x2  
  196  10:51  Marine x3  
  196  10:52  Marine x2  
  196  10:53  Marine x4  
  196  10:54  Marine x4  
  196  10:55  Marine x3  
  196  10:56  Marine x5  
  190  10:59  Supply Depot  
  173  11:09  Marine x3  
  173  11:10  Marine x3  
  173  11:11  Marine x5  
  174  11:12  Marine x2  
  174  11:13  Marine x6  
  174  11:14  Marine x2  
  181  11:21  Command Center  
  178  11:26  Marine  
  178  11:27  Marine x3  
  178  11:28  Marine x3  
  178  11:29  Marine x4  
  178  11:30  Marine x3  
  178  11:31  Marine x6  
  178  11:32  Marine  
  199  11:44  Marine  
Show
View Real Time Build Order
Export as new Build Order

Erik Zerg 

Build Orders: Hatch First 

Get SALT Encoding   

  12  0:01  Drone  
  13  0:12  Overlord  
  13  0:19  Drone  
  14  0:30  Drone  
  14  0:31  Drone  
  14  0:34  Drone  
  17  0:55  Hatchery  
  17  0:56  Drone  
  17  1:00  Drone  
  18  1:04  Extractor  
  17  1:16  Spawning Pool  
  17  1:18  Drone  
  17  1:21  Drone  
  18  1:30  Drone  
  19  1:41  Drone  
  20  1:50  Overlord  
  20  2:03  Queen  
  20  2:07  Queen  
  20  2:08  Zergling x4  
  26  2:12  Metabolic Boost  
  26  2:15  Drone  
  27  2:20  Drone  
  28  2:24  Drone  
  29  2:35  Drone x2  
  31  2:39  Drone  
  32  2:46  Drone  
  33  3:00  Drone  
  33  3:01  Drone  
  33  3:03  Hatchery, Overlord  
  34  3:10  Queen  
  36  3:40  Extractor  
  35  3:45  Drone  
  36  3:49  Drone x3  
  36  3:50  Roach Warren  
  36  3:53  Drone x3  
  36  3:54  Extractor  
  36  3:55  Extractor  
  39  4:00  Drone x2  
  39  4:01  Drone  
  42  4:20  Drone x6  
  48  4:26  Lair  
  48  4:30  Drone x2  
  50  4:32  Overlord x2  
  49  4:51  Drone x4  
  49  4:52  Drone x2  
  55  5:08  Evolution Chamber  
  55  5:09  Evolution Chamber  
  55  5:11  Spore Crawler  
  52  5:15  Spore Crawler  
  51  5:21  Drone x9  
  51  5:22  Spore Crawler  
  51  5:26  Glial Reconstitution  
  59  5:28  Overlord  
  59  5:38  Zerg Missile Weapons Level 1  
  59  5:39  Zerg Ground Armor Level 1  
  59  5:40  Roach x3  
  65  5:46  Roach  
  63  5:53  Roach x3  
  57  5:58  Roach x3  
  63  6:15  Overlord x2  
  63  6:30  Overlord x2  
  63  6:36  Ravager x4  
  67  6:42  Roach x4  
  72  6:56  Drone  
  72  6:57  Drone x2  
  75  7:15  Hatchery  
  74  7:19  Queen x2  
  77  7:41  Zerg Missile Weapons Level 2  
  77  7:42  Zerg Ground Armor Level 2  
  77  7:47  Roach x7  
  77  8:00  Roach x3  
  77  8:01  Roach x5  
  74  8:23  Ravager  
  74  8:24  Ravager x6  
  74  8:25  Ravager x3  
  83  8:28  Roach x4  
  83  8:32  Overlord x2  
  91  8:55  Roach  
  93  8:56  Roach x5  
  103  9:08  Overlord x4  
  103  9:09  Overlord  
  64  9:27  Ravager  
  56  9:33  Roach x5  
  66  9:41  Roach x2  
  70  9:52  Roach x5  
  69  9:53  Roach  
  69  10:00  Ravager x2  
  69  10:01  Ravager x3  
  69  10:03  Ravager  
  75  10:12  Baneling Nest  
  75  10:14  Roach x4  
  82  10:26  Roach  
  82  10:27  Roach x4  
  92  10:47  Roach x5  
  63  11:04  Roach x4  
  63  11:05  Roach x2  
  58  11:19  Roach x3  
  62  11:28  Zergling x4  
  64  11:46  Zergling x2  
  64  11:47  Zergling x2  
  66  11:49  Hatchery  
  66  11:53  Baneling x4  
Tags
 
Add a new tag
Caveats
  • Supply blocks, unpowered buildings, or Contaminate may cause inaccurate times.
  • Supply counts are checked every 10 seconds.